 Dungeon Crawl Stone Soup version 0.20-a0-983-g35de22d (webtiles) character file.

1387 Murumi the Covert (level 8, -9/75 HPs)
             Began as a Naga Enchanter on Apr 10, 2017.
             Mangled by a wight
             ... wielding a cursed +0 halberd
              (15 damage)
             ... on level 6 of the Dungeon.
             The game lasted 00:26:48 (7223 turns).

Murumi the Covert (Naga Enchanter)                  Turns: 7223, Time: 00:26:49

Health: -9/75      AC:  5    Str: 10      XL:     8   Next: 67%
Magic:  10/11      EV:  9    Int: 17      God:
Gold:   316        SH:  0    Dex: 11 (13) Spells: 10/11 levels left

rFire    + . .     SeeInvis +   s - +3 dagger (venom)
rCold    x . .     Gourm    .   (no shield)
rNeg     . . .     Faith    .   b - +1 robe
rPois    +         Spirit   .   g - +0 helmet
rElec    .         Reflect  .   (no cloak)
rCorr    .         Harm     .   (no gloves)
MR       +....     Rnd*Tele +   (no barding)
Stlth    +++++.....             (no amulet)
Regen    0.3/turn               m - ring of fire
MPRegen  0.2/turn               p - ring of teleportation (curse)

@: short of breath, very slightly contaminated, heavily drained, very slow
A: claws 1, stinger 1, see invisible, deformed body, poison resistance, robust
1, slowness 2, slow metabolism 1, spit poison 1, AC +2
a: Spit Poison


You were on level 6 of the Dungeon.
You were not hungry.

You visited 2 branches of the dungeon, and saw 7 of its levels.

You collected 316 gold pieces.

Inventory:

Hand Weapons
 s - a +3 dagger of venom (weapon)
Armour
 b - a +1 robe (worn)
 g - a +0 helmet (worn)
Jewellery
 m - a ring of fire (left claw)
 p - a cursed ring of teleportation (right claw)
Wands
 e - a wand of random effects (31/48)
Scrolls
 f - 6 scrolls of teleportation
 n - 2 scrolls of recharging
 o - a scroll of amnesia
 q - 4 scrolls of magic mapping
Potions
 h - a potion of cancellation
 r - a potion of resistance {unknown}
 t - a potion of berserk rage {unknown}
Books
 c - a book of Maledictions

   Spells                             Type                      Level
   a - Corona                         Hexes                        1
   b - Ensorcelled Hibernation        Hexes/Ice                    2
   c - Confuse                        Hexes                        3
   d - Tukima's Dance                 Hexes                        3
   e - Dazzling Spray                 Conjuration/Hexes            3
Comestibles
 d - 3 bread rations
 j - 3 meat rations


   Skills:
 - Level 3.1(1.6) Fighting
 - Level 3.2(1.7) Short Blades
 - Level 2.0(0.6) Dodging
 - Level 14.0(12.1) Stealth
 + Level 2.0(0.6) Spellcasting
 - Level 3.0(1.5) Hexes


You had 10 spell levels left.
You knew the following spells:

 Your Spells              Type           Power        Failure   Level  Hunger
a - Corona                Hex            #......      14%         1    ##.....


Dungeon Overview and Level Annotations

Branches:
Dungeon (6/15)             Temple (1/1) D:4

Altars:
Dithmenos
Elyvilon
Fedhas
Gozag
Hepliaklqana
Kikubaaqudgha
Makhleb
Nemelex Xobeh
Okawaru
Qazlal
Ru
Sif Muna
Trog
Vehumet
Wu Jian
Xom
Yredelemnul
Zin
The Shining One

Shops:
D:5 :


Innate Abilities, Weirdness & Mutations

You cannot wear boots.
Your serpentine skin is tough. (AC +2)
You have supernaturally acute eyesight. (SInv)
Armour fits poorly on your strangely shaped body.
Your system is resistant to poisons. (rPois)
You cover ground very slowly.
You have a slow metabolism.
You can spit poison.
You have sharp fingernails.
Your tail ends in a poisonous barb.
You are robust. (+10% HP)


Message History

The wight is heavily damaged.
The wight barely misses you.
You hit the wight.
The wight is severely damaged.
The wight hits you with a halberd.
* * * LOW HITPOINT WARNING * * *
You feel drained.
* * * LOW HITPOINT WARNING * * *
You hit the wight but do no damage.
The wight is severely damaged.
Press: ? - help, Shift-Dir - straight line, f/p - wight
Aim: a wight, wielding a halberd and wearing a robe (severely damaged, softly glowing)
The splash of poison hits the wight.
The wight completely resists.
The wight is severely damaged.
You feel slightly more hungry. The wight hits you with a halberd!
* * * LOW HITPOINT WARNING * * *
You hit the wight but do no damage.
The wight is severely damaged.
The wight hits you with a halberd!
You die...

#....(# #....!## #......
..... # ... ### #.#### ..
######.##.## ..
..###.@z.......###... ##
................[........
..
#...#..###.####.##.####.##
## .......# #.# #.##.#
......###.####.##.# #
#.#...........##.# ###
#.#.....##.##..###.# #..
#...>......##..# #.#
#.#### ##.......##..# #.#


You could see a wight.

Vanquished Creatures
  Sigmund (D:2)
  An ice beast (D:5)
  2 black bears (D:6)
  An ogre (D:6)
  3 wights
  A howler monkey (D:4)
  A bullfrog zombie (D:5)
  A crimson imp (D:5)
  A quasit (D:6)
  2 orc priests (D:5)
  3 hounds
  2 orc wizards (D:5)
  Natasha (twice) (D:2)
  2 iguanas
  2 worker ants
  A hound skeleton (D:6)
  Robin (D:2)
  10 adders
  A shadow imp (D:5)
  An adder skeleton (D:5)
  3 worms
  5 leopard geckos
  6 orcs
  8 bats
  A giant cockroach (D:5)
  11 goblins
  6 hobgoblins
  11 jackals
  5 quokkas
  A ball python zombie (D:5)
  7 frilled lizards
  7 kobolds
  A leopard gecko skeleton (D:4)
  A leopard gecko zombie (D:6)
  A quokka skeleton (D:4)
  5 rats
118 creatures vanquished.

Vanquished Creatures (others)
  Natasha (D:2)
  A goblin (D:2)
2 creatures vanquished.

Grand Total: 120 creatures vanquished

Notes
Turn   | Place    | Note
-------+----------+-------------------------------------------
     0 | D:1      | Murumi the Naga Enchanter began the quest for the Orb.
     0 | D:1      | Reached XP level 1. HP: 15/15 MP: 3/3
   206 | D:1      | Reached skill level 5 in Stealth
   307 | D:1      | Reached XP level 2. HP: 24/24 MP: 5/5
   442 | D:1      | Reached skill level 1 in Fighting
   678 | D:2      | Reached XP level 3. HP: 17/31 MP: 4/6
  1045 | D:2      | Noticed Sigmund
  1066 | D:2      | Killed Sigmund
  1066 | D:2      | Reached skill level 9 in Stealth
  1066 | D:2      | Reached XP level 4. HP: 17/38 MP: 4/7
  1066 | D:2      | Reached XP level 5. HP: 19/44 MP: 4/8
  1325 | D:2      | Noticed Natasha
  1353 | D:2      | Noticed Robin
  1624 | D:2      | Killed Robin
  1624 | D:2      | Reached XP level 6. HP: 51/51 MP: 9/9
  1652 | D:2      | Killed Natasha
  1917 | D:2      | Found a burning altar of Makhleb.
  1917 | D:2      | Noticed a cacodemon
  1920 | D:2      | Noticed an orange demon
  1920 | D:2      | Noticed a hellwing
  2038 | D:2      | Noticed Natasha
  2050 | D:2      | Killed Natasha
  2120 | D:2      | Noticed Natasha
  2128 | D:2      | Killed Natasha
  2484 | D:3      | Found an opulent altar of Gozag.
  2689 | D:3      | Found a sacrificial altar of Ru.
  3166 | D:4      | Reached skill level 10 in Stealth
  3516 | D:4      | Found a staircase to the Ecumenical Temple.
  3525 | Temple   | Entered the Ecumenical Temple
  3876 | D:4      | Reached XP level 7. HP: 47/60 MP: 7/10
  4447 | D:5      | Entered Level 5 of the Dungeon
  4453 | D:5      | Reached skill level 11 in Stealth
  4634 | D:4      | Reached skill level 12 in Stealth
  4790 | D:5      | Found a blossoming altar of Fedhas.
  4792 | D:5      | Found an ancient bone altar of Kikubaaqudgha.
  5015 | D:5      | Found a shadowy altar of Dithmenos.
  5305 | D:5      | Found Gockela's Book Shop.
  5606 | D:5      | Reached XP level 8. HP: 40/67 MP: 11/11
  5749 | D:5      | Gained mutation: You are dopey. (Int -2) [potion of mutation]
  5749 | D:5      | Gained mutation: You possess an exceptional clarity of mind. [potion of mutation]
  5749 | D:5      | Lost mutation: You are dopey. (Int -2) [potion of mutation]
  5749 | D:5      | Gained mutation: You are partially covered in rugged brown scales. (AC +1, +3% HP) [potion of mutation]
  5750 | D:5      | Lost mutation: You possess an exceptional clarity of mind. [potion of mutation]
  5750 | D:5      | Lost mutation: You are partially covered in rugged brown scales. (AC +1, +3% HP) [potion of mutation]
  5750 | D:5      | Gained mutation: You are robust. (+10% HP) [potion of mutation]
  5750 | D:5      | Gained mutation: Your tail ends in a poisonous barb. [potion of mutation]
  5750 | D:5      | Gained mutation: You have sharp fingernails. [potion of mutation]
  6065 | D:5      | Reached skill level 13 in Stealth
  6811 | D:6      | Reached skill level 14 in Stealth
  7223 | D:6      | Mangled by a wight

Vault maps used:
D:1:      dpeg_arrival_shelter
D:2:      grunt_decor_cap, makhleb_altar_promises_db, uniq_robin, uniq_natasha,
          uniq_sigmund
D:3:      old_standard_altar, lemuel_doored_altar, first_bread
D:4:      minmay_temple_entry_trees
D:5:      grunt_temple_overflow_growth_and_decay, grunt_dithmenos_smoke,
          serial_shops, nicolae_shop_waterfront
D:6:      cheibrodos_ashenzari_chains
Temple:   eino_temple_water

Skill      XL: |  1  2  3  4  5  6  7  8 |
---------------+-------------------------+-----
Stealth        | 5 9 10 12 14 | 14.0
Fighting       | 1 2 3 |  3.1
Dodging        | 2 |  2.0
Short Blades   | 2 3 |  3.2
Spellcasting   | |  2.0
Hexes          | |  3.0

Action                   |  1- 3 |  4- 6 |  7- 9 || total
-------------------------+-------+-------+-------++-------
Melee: Dagger            |    44 |   195 |   278 ||   517
       Tailslap          |       |       |    12 ||    12
 Cast: Corona            |     4 |    11 |    30 ||    45
 Abil: Spit Poison       |     5 |    22 |    27 ||    54
  Use: Scroll            |     7 |     7 |     5 ||    19
       Potion            |     1 |     1 |     4 ||     6
 Stab: Sleeping          |     5 |     9 |     7 ||    21
       Invisible         |       |     5 |       ||     5
       Distracted        |       |       |     2 ||     2
  Eat: Chunk             |       |     3 |     6 ||     9
       Bread ration      |       |     1 |     1 ||     2
       Royal jelly       |       |       |     1 ||     1
Armor: Robe              |     7 |    99 |   117 ||   223
Dodge: Dodged            |    17 |   147 |   161 ||   325
